 Dungeon Crawl Stone Soup version 0.18.1-50-g88ac8fd (webtiles) character file.

185 GluteusMaximus the Covered (level 5, 0/33 HPs)
             Began as a Tengu Fighter on Jan 15, 2017.
             Slain by an iguana (8 damage)
             ... on level 3 of the Dungeon.
             The game lasted 00:11:31 (3353 turns).

GluteusMaximus the Covered (Tengu Fighter)          Turns: 3353, Time: 00:11:32

Health: 0/33       AC:  7    Str: 16    XL:     5   Next: 64%
Magic:  6/6        EV:  8    Int:  8    God:
Gold:   111        SH:  9    Dex: 15    Spells: 0 memorised, 4 levels left

rFire  . . .     SeeInvis .     a - +0 trident
rCold  + . .     Gourm    .     b - +0 scale mail
rNeg   . . .     Faith    .     c - +0 shield
rPois  .         Spirit   .     (helmet restricted)
rElec  .         Dismiss  .     (no cloak)
rCorr  .         Reflect  .     (no gloves)
SustAt .         Harm     .     (boots unavailable)
MR     .....                    (no amulet)
Stlth  ..........               (no ring)
                                l - ring of protection from cold

@: not resistant to hostile enchantments, extremely unstealthy
A: beak, talons 3, able to fly 1
a: Fly


You were on level 3 of the Dungeon.
You were not hungry.

You visited 1 branch of the dungeon, and saw 3 of its levels.

You collected 111 gold pieces.

Inventory:

Hand Weapons
 a - a +0 trident (weapon)
Armour
 b - a +0 scale mail (worn)
 c - a +0 shield (worn)
Jewellery
 l - a ring of protection from cold (left hand)
 u - an uncursed ring of magical power {unknown}
Wands
 k - a wand of polymorph (10/24)
Scrolls
 d - 3 scrolls of enchant weapon {unknown}
 h - a scroll of noise {unknown}
 n - 3 scrolls of identify
 o - a scroll of enchant armour {unknown}
 r - a scroll of teleportation {unknown}
 s - a scroll of remove curse
Potions
 e - a potion of might
 g - a potion of agility {unknown}
 j - 2 potions of curing
 p - 2 potions of cure mutation {unknown}
 q - 2 potions of brilliance {unknown}
 t - a potion of invisibility {unknown}
 v - a potion of flight {unknown}
Comestibles
 i - 3 meat rations
 m - 3 beef jerkies
 w - a chunk of flesh


   Skills:
 + Level 3.7 Fighting
 + Level 2.8 Polearms
 + Level 0.2 Throwing
 + Level 4.4 Armour
 + Level 2.2 Dodging
 + Level 0.2 Stealth
 + Level 3.9 Shields


You had 4 spell levels left.
You didn't know any spells.

Dungeon Overview and Level Annotations

Branches:
Dungeon (3/15)

Altars:
Ashenzari
Okawaru
Qazlal


Innate Abilities, Weirdness & Mutations

You have a beak for a mouth.
You have claws for feet.
You can fly.


Message History

The iguana bites you but does no damage.
You puncture the iguana! Your kick misses the iguana.
The iguana is heavily wounded.
The iguana bites you!
You hit the iguana but do no damage.
The iguana is heavily wounded.
The iguana bites you.
* * * LOW HITPOINT WARNING * * *
You barely miss the iguana. Your kick misses the iguana.
The iguana is heavily wounded.
The iguana barely misses you.
You hit the iguana but do no damage. Your kick misses the iguana.
Your peck misses the iguana.
The iguana is heavily wounded.
You block the iguana's attack.
The iguana bites you but does no damage.
You barely miss the iguana. Your kick misses the iguana.
The iguana is heavily wounded.
The iguana bites you!
You die...

..........##.....#..[.......###.(
>.......(.......###.........# #..
........##..................###..
#####............................
#####....(...#..............###..
..##...........#..#...........#..
........................[........
...###..........###.##.......###.
...###.........l@##)##.......# #.
...รท...........#.##.##.......####
..##.....#####......##.........##
..###....#######.#.).............
..# #.........##..#.##.......#...
..# #.....#....##.#.##......)....
#####....#.#...##...##.......####
###....#._.#........#.......#
#.......#.#...##..#.........#


You could see an iguana.

Vanquished Creatures
  An orc priest (D:3)
  An orc wizard (D:3)
  4 adders
  An ooze (D:1)
  4 dart slugs
  12 orcs
  3 giant cockroaches
  4 goblins
  9 hobgoblins
  5 jackals (D:1)
  A ball python (D:3)
  9 bats
  2 giant newts
  11 kobolds
  10 rats
77 creatures vanquished.

Notes
Turn   | Place    | Note
--------------------------------------------------------------
     0 | D:1      | GluteusMaximus the Tengu Fighter began the quest for the Orb.
     0 | D:1      | Reached XP level 1. HP: 14/14 MP: 2/2
   330 | D:1      | Reached XP level 2. HP: 17/19 MP: 3/3
   468 | D:1      | Reached XP level 3. HP: 16/23 MP: 4/4
  1116 | D:1      | Reached skill level 1 in Dodging
  1266 | D:3      | Reached skill level 4 in Armour
  1266 | D:3      | Reached XP level 4. HP: 16/28 MP: 5/5
  1521 | D:2      | Found a shattered altar of Ashenzari.
  1650 | D:2      | Gained mutation: You can fly. [Tengu growth]
  1650 | D:2      | Reached XP level 5. HP: 26/32 MP: 6/6
  2129 | D:2      | Found a stormy altar of Qazlal.
  2222 | D:3      | Found an iron altar of Okawaru.
  3353 | D:3      | Slain by an iguana

Skill      XL: |  1  2  3  4  5 |
---------------+----------------+-----
Dodging        | 1 2 |  2.2
Armour         | 4 |  4.4
Fighting       | |  3.7
Polearms       | |  2.8
Throwing       | |  0.2
Stealth        | |  0.2
Shields        | |  3.9

Action                   |  1- 3 |  4- 6 || total
-------------------------+-------+-------++-------
Melee: Trident           |   118 |   127 ||   245
       Kick              |    24 |    28 ||    52
       Peck              |    14 |    18 ||    32
Throw: Javelin           |       |     7 ||     7
  Use: Scroll            |     4 |     1 ||     5
       Potion            |       |     3 ||     3
  Eat: Chunk             |     1 |     3 ||     4
       Bread ration      |       |     1 ||     1
Armor: Scale mail        |    16 |    46 ||    62
       Ring mail         |    21 |       ||    21
Dodge: Dodged            |    46 |    43 ||    89
Block: Shield            |    68 |    78 ||   146
